 Dungeon Crawl Stone Soup version 0.22-a0-848-ge9e22a0 (webtiles) character file.

417 Kuinu the Skirmisher (level 6, -8/57 HPs)
             Began as a Minotaur Fighter on July 26, 2018.
             Was an Initiate of Trog.
             Killed by divine providence
             ... invoked by an orc priest
              (14 damage)
             ... on level 5 of the Dungeon.
             The game lasted 00:07:19 (2803 turns).

Kuinu the Skirmisher (Minotaur Fighter)             Turns: 2803, Time: 00:07:19

Health: -8/57      AC:  8    Str: 23    XL:     6   Next: 61%
Magic:  5/5        EV:  7    Int:  5    God:    Trog [......]
Gold:   171        SH: 10    Dex:  9    Spells: 5/5 levels left

rFire    . . .     SeeInvis .   h - +1 hand axe (vamp)
rCold    . . .     Gourm    .   c - +0 shield
rNeg     . . .     Faith    .   b - +0 scale mail
rPois    .         Spirit   .   (helmet restricted)
rElec    .         Reflect  .   r - +0 cloak (curse)
rCorr    .         Harm     .   (no gloves)
MR       .....                  (no boots)
Stlth    +.........             (no amulet)
HPRegen  0.19/turn              m - ring of stealth
MPRegen  0.09/turn              (no ring)

@: no status effects
A: retaliatory headbutt, horns 2
a: Renounce Religion


You were on level 5 of the Dungeon.
You worshipped Trog.
Trog was noncommittal.
You were not hungry.

You visited 2 branches of the dungeon, and saw 6 of its levels.

You collected 171 gold pieces.

Inventory:

Hand Weapons
 a - a +0 war axe
 h - a +1 vampiric hand axe (weapon)
 s - a cursed -1 mace
Armour
 b - a +0 scale mail (worn)
 c - a +0 shield (worn)
 r - a cursed +0 cloak (worn)
Jewellery
 m - a ring of stealth (left hand)
Scrolls
 e - a scroll of enchant weapon {unknown}
 f - 5 scrolls of remove curse {unknown}
 l - 6 scrolls of identify {unknown}
 p - a scroll of fear {unknown}
 q - 2 scrolls of random uselessness {unknown}
 t - a scroll of immolation {unknown}
 u - a scroll of teleportation {unknown}
Potions
 d - a potion of might
 j - a potion of heal wounds {unknown}
 k - a potion of brilliance {unknown}
 n - a potion of agility {unknown}
 o - a potion of haste {unknown}
Comestibles
 g - 8 chunks of flesh
 i - 7 rations


   Skills:
 * Level 5.9 Fighting
 * Level 5.3 Axes
 + Level 4.9 Armour
 + Level 4.9 Shields


You had 5 spell levels left.
You didn't know any spells.
Your spell library was empty.

Dungeon Overview and Level Annotations

Branches:
Dungeon (5/15)             Temple (1/1) D:4

Altars:
Cheibriados
Dithmenos
Elyvilon
Fedhas
Gozag
Kikubaaqudgha
Makhleb
Nemelex Xobeh
Okawaru
Ru
Sif Muna
Trog
Uskayaw
Vehumet
Wu Jian
Xom
Yredelemnul
Zin
The Shining One

Shops:
D:4 :


Innate Abilities, Weirdness & Mutations

You reflexively headbutt those who attack you in melee.
You have a pair of horns on your head.


Message History

The orc is severely wounded.
You miss the frilled lizard.
You hit the orc priest but do no damage.
You block the frilled lizard's attack.
The orc priest calls down the wrath of Beogh upon you.
Beogh smites you!
* * * LOW HITPOINT WARNING * * *
The orc hits you with a hand axe.
* * * LOW HITPOINT WARNING * * *
The frilled lizard bites you but does no damage.
The orc priest hits you but does no damage.
You slash the orc!
You kill the orc!
Trog accepts your kill.
You barely miss the frilled lizard. You hit the orc but do no damage.
You barely miss the orc priest. You block the orc's attack.
The frilled lizard bites you but does no damage.
The orc priest mumbles some strange prayers to Beogh against you.
Beogh smites you!
You die...

.....#### #..[....#
#.......# #. .##
........+ . .. .
........#####.##.# ..
........+...#....+
...
......l)###.##...#...
#....o@'....+....#
#.....o###.##....#
#......# #.......#
#......# #....####
...#+#### #....### .#
#....#.. #....#.###
... ###..#... ....
#..#.####...


You could see an orc priest, an orc and a frilled lizard.

Vanquished Creatures
  An ice beast (D:5)
  A water moccasin skeleton (D:5)
  A crimson imp (D:5)
  A jelly (D:5)
  A hound (D:3)
  2 orc priests (D:5)
  4 adders (D:2)
  2 dart slugs (D:1)
  5 leopard geckos
  9 orcs
  5 bats
  2 bat zombies (D:2)
  4 giant cockroaches
  9 hobgoblins
  8 kobolds
  A quokka (D:3)
  A ball python (D:3)
  5 frilled lizards
  5 goblins
  A quokka skeleton (D:4)
  7 rats
  3 rat zombies (D:2)
78 creatures vanquished.

Notes
Turn   | Place    | Note
-------+----------+-------------------------------------------
     0 | D:1      | Kuinu the Minotaur Fighter began the quest for the Orb.
     0 | D:1      | Reached XP level 1. HP: 19/19 MP: 0/0
    44 | D:1      | Reached XP level 2. HP: 27/27 MP: 1/1
   441 | D:1      | Reached XP level 3. HP: 33/33 MP: 2/2
   555 | D:2      | Found a radiant altar of Vehumet.
   714 | D:2      | Found an ancient bone altar of Kikubaaqudgha.
   900 | D:2      | Reached XP level 4. HP: 37/41 MP: 3/3
  1676 | D:3      | Found a burning altar of Makhleb.
  1781 | D:3      | Reached XP level 5. HP: 47/47 MP: 4/4
  2162 | D:4      | Found Ditwo's Book Shoppe.
  2352 | D:4      | Found a sacrificial altar of Ru.
  2632 | D:4      | Found a staircase to the Ecumenical Temple.
  2638 | Temple   | Entered the Ecumenical Temple
  2675 | Temple   | Became a worshipper of Trog the Wrathful
  2730 | D:5      | Entered Level 5 of the Dungeon
  2739 | D:5      | Reached skill level 5 in Fighting
  2779 | D:5      | Reached XP level 6. HP: 35/56 MP: 5/5
  2790 | D:5      | Noticed an ice beast
  2795 | D:5      | Killed an ice beast
  2795 | D:5      | Reached skill level 5 in Axes
  2803 | D:5      | Killed from afar by an orc priest

Vault maps used:
D:1:      minmay_arrival_open_corners
D:2:      lemuel_doored_altar, lemuel_zombie_altar_kikubaaqudgha
D:3:      makhleb_blood_cavern_becter
D:4:      kennysheep_mini_moat, minmay_temple_entry_enclosed_plants,
          serial_shops, shop
D:5:      old_standard_altar, first_ration
Temple:   eino_wide_crystal_templ

Skill      XL: |  1  2  3  4  5  6 |
---------------+-------------------+-----
Fighting       | 4 5 |  5.9
Axes           | 3 4 5 |  5.3
Shields        | 4 |  4.9
Armour         | 4 |  4.9

Action                   |  1- 3 |  4- 6 || total
-------------------------+-------+-------++-------
Melee: Hand axe          |    80 |    92 ||   172
       War axe           |     7 |       ||     7
       Headbutt          |    13 |    14 ||    27
  Eat: Ration            |     1 |       ||     1
       Chunk             |     1 |     6 ||     7
Armor: Scale mail        |    26 |    49 ||    75
Dodge: Dodged            |    25 |    32 ||    57
Block: Shield            |    40 |    58 ||    98

Table legend:
 A = Spawn XP
 B = Non-spawn XP
 C = Spawn XP percentage of total XP
 D = Spawn monster count
 E = Non-spawn monster count
 F = Spawn count percentage of total count
 G = Total turns spent on level
                    A         B        C        D         E        F      G
               +---------+---------+-------+---------+---------+-------+---------
         Total |       0 |     597 |   0.0 |       0 |      78 |   0.0 |  2803
               +---------+---------+-------+---------+---------+-------+---------
           D:1 |       0 |      45 |   0.0 |       0 |      25 |   0.0 |   533
           D:2 |       0 |      80 |   0.0 |       0 |      20 |   0.0 |   706
           D:3 |       0 |      78 |   0.0 |       0 |      19 |   0.0 |   743
           D:4 |       0 |      10 |   0.0 |       0 |       4 |   0.0 |   691
           D:5 |       0 |     384 |   0.0 |       0 |      10 |   0.0 |    73
               +---------+---------+-------+---------+---------+-------+---------
